 Dungeon Crawl Stone Soup version 0.29.1-12-g30fa7ad0bf (webtiles) character file.

Game seed: 8491738702578198556

24 KittyFluff the Trooper (level 3, 0/34 HPs)
             Began as a Gargoyle Berserker on Jan 12, 2023.
             Was a Follower of Trog.
             Slain by Terence
             ... wielding a +0 mace
              (5 damage)
             ... on level 2 of the Dungeon.
             The game lasted 00:04:14 (1078 turns).

KittyFluff the Trooper (Gargoyle Berserker)         Turns: 1078, Time: 00:04:14

Health: 0/34       AC:  5    Str: 20    XL:     3   Next: 2%
Magic:  3/3        EV: 12    Int:  7    God:    Trog [*.....]
Gold:   22         SH:  0    Dex: 11    Spells: 2/2 levels left

rFire   . . .      SeeInvis .   a - +0 mace
rCold   . . .      Faith    .   (no shield)
rNeg    + . .      Spirit   .   b - +0 animal skin
rPois   ∞          Reflect  .   (no helmet)
rElec   +          Harm     .   (no cloak)
rCorr   .          Rampage  .   (no gloves)
Will    .....                   (no boots)
Stlth   ..........              (no amulet)
HPRegen 0.11/turn               (no ring)
MPRegen 0.08/turn               (no ring)

@: berserking, very quick
A: sickness immunity, AC +3, negative energy resistance 1, electricity
resistance, torment resistance 1, petrification resistance
a: Renounce Religion, Berserk


You were on level 2 of the Dungeon.
You worshipped Trog.
Trog was aware of your devotion.
You visited 1 branch of the dungeon, and saw 2 of its levels.

You collected 22 gold pieces.

Inventory:

Hand Weapons
 a - a +0 mace (weapon)
Missiles
 c - 8 stones (quivered)
Armour
 b - a +0 animal skin (worn)
Wands
 m - a wand of polymorph (14)
Scrolls
 d - a scroll of identify
 e - a scroll of enchant weapon {unknown}
 f - a scroll of blinking {unknown}
 h - a scroll of brand weapon {unknown}
 i - a scroll of amnesia {unknown}
 j - a scroll of noise {unknown}
 l - a scroll of poison {unknown}
Potions
 g - 2 potions of curing
 k - a potion of flight {unknown}


   Skills:
 + Level 3.5 Fighting
 * Level 3.4 Maces & Flails
 * Level 2.8 Armour
 + Level 1.7 Dodging


You had 2 spell levels left.
You didn't know any spells.
Your spell library was empty.

Dungeon Overview and Level Annotations

Branches:
Dungeon (2/15)

Altars:

Annotations:
D:2 Terence


Innate Abilities, Weirdness & Mutations

You are immune to sickness and miasma.
Your stone body is resilient. (AC +3)
You are immune to poison.
You resist negative energy. (rN+)
You are resistant to electric shocks. (rElec)
You are resistant to unholy torment.
You are immune to petrification.


Message History

The kobold shouts!
You sock the kobold!
You kill the kobold!
Trog accepts your kill.
Things that are here:
a +0 short sword; a kobold corpse
Found a runed bronze wand.
k - a purple potion Terence the Incautious comes into view.
He is wielding a +0 mace.
Found a book of Minor Magic.
You see here a wand of polymorph (14).
m - a wand of polymorph (14)
You hit Terence.
Terence is lightly wounded.
Terence hits you with a +0 mace!
You hit Terence but do no damage.
Terence is lightly wounded.
Terence hits you with a +0 mace. x2
You hit Terence but do no damage.
Terence is lightly wounded.
Terence barely misses you.
You thump Terence!
Terence is moderately wounded.
Terence completely misses you.
You hit Terence.
Terence is heavily wounded.
Terence hits you with a +0 mace.
A red film seems to cover your vision as you go berserk!
You feel yourself moving faster!
You feel mighty! Terence closely misses you.
You hit Terence.
Terence is severely wounded.
Terence barely misses you.
You barely miss Terence.
Terence is severely wounded.
Terence hits you with a +0 mace.
* * * LOW HITPOINT WARNING * * *
You barely miss Terence.
Terence is severely wounded.
Terence hits you with a +0 mace.
You die...

#>#.###............##.
#.#...................
# #......>............
#...................
##+##...............
..####........... ##.
##...........
..###............ .
.......@.......
.......@.......
...............
...............
...............
...............
####...:.......
#...........


You could see Terence.

Vanquished Creatures
  4 bats
  An endoplasm (D:1)
  2 goblins (D:1)
  4 hobgoblins (D:1)
  A quokka (D:1)
  3 ball pythons (D:1)
  5 frilled lizards (D:1)
  3 kobolds
  A rat (D:1)
24 creatures vanquished.

Notes
Turn   | Place    | Note
-------+----------+-------------------------------------------
     0 | D:1      | KittyFluff the Gargoyle Berserker began the quest for the
                  | Orb.
     0 | D:1      | Reached XP level 1. HP: 14/14 MP: 1/1
   230 | D:1      | Reached XP level 2. HP: 19/19 MP: 2/2
   395 | D:1      | Found a faded altar of an unknown god.
  1050 | D:2      | Reached XP level 3. HP: 23/23 MP: 3/3
  1066 | D:2      | Noticed Terence
  1078 | D:2      | Slain by Terence

Illustrated notes

Levels and vault maps discovered:
D:1:      dpeg_arrival_arbitrary_b, layout_basic,
          shapermc_ecumenical_altar_mp_ritualfount
D:2:      layout_basic, wad_floor_pattern_1, minmay_tall_x, uniq_terence

Action                   || total
-------------------------++-------
Melee: Mace              ||    55
       Punch             ||     1
Invok: Berserk           ||     1
  Use: Scroll            ||     2
Armor: Animal skin       ||    19
Dodge: Dodged            ||    39
